 Dungeon Crawl Stone Soup version 0.27.1-35-g4d5d836560 (console) character file.

Game seed: 2932505020989039478

2474 grimtooth the Conjurer (level 9, -6/69 HPs)
             Began as a Demonspawn Hedge Wizard on May 9, 2022.
             Was an Initiate of Makhleb.
             Mangled by Harold (19 damage)
             ... on level 8 of the Dungeon.
             The game lasted 00:53:24 (8497 turns).

grimtooth the Conjurer (Demonspawn Hedge Wizard)    Turns: 8497, Time: 00:53:25

Health: -6/69      AC:  5    Str: 13    XL:     9   Next: 26%
Magic:  4/18       EV: 12    Int: 17    God:    Makhleb [......]
Gold:   298        SH:  0    Dex: 12    Spells: 10/20 levels left

rFire    + . .     SeeInvis .   a - +0 whip (elec)
rCold    . . .     Faith    .   (no shield)
rNeg     . . .     Spirit   .   C - +1 robe of Absolutism {rF+}
rPois    .         Reflect  .   D - +0 hat
rElec    .         Harm     .   (no cloak)
rCorr    .         Rampage  .   w - +0 pair of gloves
Will     .....                  f - +0 pair of boots
Stlth    ++........             (no amulet)
HPRegen  0.21/turn              (no ring)
MPRegen  0.16/turn              (no ring)

@: marked, very slightly contaminated, invisible
A: antennae 1, spiny 2
a: Renounce Religion


You were on level 8 of the Dungeon.
You worshipped Makhleb.
Makhleb was noncommittal.
You visited 2 branches of the dungeon, and saw 9 of its levels.

You collected 342 gold pieces.
You spent 44 gold pieces at shops.

Inventory:

Hand Weapons
 a - a +0 whip of electrocution (weapon)
 t - a +1 dagger of venom
 y - a +1 dagger of draining
 G - a +2 flail of protection
Missiles
 h - 35 stones (quivered)
 i - 15 sling bullets
 u - 102 arrows
 z - 10 boomerangs
Armour
 f - a +0 pair of boots (worn)
 w - a +0 pair of gloves (worn)
 C - the +1 robe of Absolutism (worn) {rF+}
   (You found it on level 5 of the Dungeon)

   rF:        It protects you from fire.
 D - a +0 hat (worn)
Jewellery
 j - a ring of flight
Wands
 x - a wand of iceblast (5)
 E - a wand of paralysis (7)
 I - a wand of digging (4)
Scrolls
 c - 2 scrolls of amnesia {unknown}
 d - a scroll of noise {unknown}
 l - a scroll of immolation {unknown}
 m - a scroll of brand weapon {unknown}
 n - 2 scrolls of teleportation {unknown}
 s - a scroll of torment {unknown}
 A - a scroll of fear {unknown}
 B - a scroll of magic mapping {unknown}
 F - a scroll of fog {unknown}
 J - a scroll of enchant weapon {unknown}
Potions
 b - a potion of ambrosia
 g - 3 potions of curing
 k - 2 potions of flight {unknown}
 o - a potion of cancellation {unknown}
 p - 2 potions of lignification
 q - a potion of attraction
 r - a potion of haste {unknown}
 v - 2 potions of might {unknown}
 H - 2 potions of heal wounds {unknown}


   Skills:
 - Level 6.0 Fighting
 - Level 1.7 Dodging
 - Level 1.7 Stealth
 - Level 6.0 Spellcasting
 - Level 6.0 Conjurations
 - Level 6.0 Hexes
 - Level 1.0 Summonings
 - Level 3.0 Translocations
 + Level 0.7 Air Magic
 + Level 0.9 Poison Magic


You had 10 spell levels left.
You knew the following spells:

 Your Spells              Type           Power      Damage    Failure   Level
a - Magic Dart            Conj           100%       1d8       1%          1
b - Call Imp              Summ           8%         N/A       13%         2
c - Mephitic Cloud        Conj/Pois/Air  13%        N/A       14%         3
k - Blink                 Tloc           N/A        N/A       5%          2
x - Slow                  Hex            25%        N/A       1%          2

Your spell library contained the following spells:

 Spells                   Type           Power      Damage    Failure   Level
 Apportation              Tloc           30%        N/A       3%          1
 Conjure Flame            Conj/Fire      15%        6-21      11%         3
 Stone Arrow              Conj/Erth      30%        3d8       11%         3
 Hailstorm                Conj/Ice       15%        3d5       36%         4
 Animate Armour           Summ/Erth      12%        N/A       71%         4
 Ice Form                 Ice/Tmut       5%         N/A       77%         4
 Invisibility             Hex            12%        N/A       86%         6
 Alistair's Intoxication  Tmut/Pois      4%         N/A       96%         5
 Simulacrum               Ice/Necr       2%         N/A       100%        6
 Lehudib's Crystal Spear  Conj/Erth      7%         10d3      100%        8


Dungeon Overview and Level Annotations

Branches:
Dungeon (8/15)             Temple (1/1) D:7
   Lair: D:8-11

Altars:
Ashenzari
Cheibriados
Dithmenos
Elyvilon
Fedhas
Gozag
Hepliaklqana
Kikubaaqudgha
Makhleb
Nemelex Xobeh
Okawaru
Qazlal
Ru
Sif Muna
Uskayaw
Vehumet
Wu Jian
Xom
Zin
The Shining One

Shops:
D:2 ?   D:3 [   D:4 (   D:5 *   D:8 **

Annotations:
D:4 3 runed translucent doors, Sharkman1231's ghost, amateur DsEE
D:7 dig
D:8 Harold


Innate Abilities, Weirdness & Mutations

You have a pair of small antennae on your head.
You are mostly covered in sharp spines.


Message History

t - a +1 dagger of venom (weapon)
You barely miss Harold. Harold barely misses you.
You hit Harold but do no damage.
Harold is poisoned.
Harold drinks a potion.
Harold looks more healthy.
You hit Harold but do no damage.
Harold is poisoned.
Harold casts a spell at you. The mark upon you grows brighter.
You closely miss Harold. Harold is struck by your spines.
Harold barely misses you.
You barely miss Harold.
Harold is lightly wounded.
Harold hits you with a +0 short sword.
You hit Harold but do no damage.
Harold looks even sicker.
Harold is lightly wounded.
Harold hits you with a +0 short sword!
You hit Harold.
Harold looks as sick as possible!
Harold is lightly wounded.
Harold is struck by your spines. Harold hits you with a +0 short sword!
You hit Harold.
Harold looks as sick as possible!
Harold is moderately wounded.
Harold misses you.
Okay, then.
You hit Harold.
Harold is moderately wounded.
A killer bee comes into view.
Harold is struck by your spines. Harold misses you.
Your +1 dagger of venom stops dripping with poison.
You hear the crackle of electricity.
a - a +0 whip of electrocution (weapon)
Harold barely misses you.
You hit Harold but do no damage. Lightning courses through Harold!
Harold is severely wounded.
A killer bee comes into view.
An orc warrior comes into view.
It is wielding the +5 falchion of Bloody Death {antimagic, +Blink rN+ Dex-3}.
Harold hits you with a +0 short sword!!
* * * LOW HITPOINT WARNING * * *
You feel better.
An orc wizard comes into view. It is wielding a +0 dagger.
Harold hits you with a +0 short sword!!
You die...

....##.##...#
.......#....####
........†..<...#
..##.......#.....#..##
...........###.......###
..........## #.........
........#..####.y.......
....#####....#..........
y.####.#................
.<..............y......#
#.......†......@@.......
..............#.......o.
........?..[@###..#####.
..............###..#
...#............#..#
...##.......#).......
..#...#...............
.#####......@.##o.##
.......<....##
............


You could see Harold (extremely poisoned), an orc warrior, 2 killer bees and an
orc wizard.

Vanquished Creatures
  Sigmund (D:2)
  A steam dragon (D:7)
  Edmund (D:4)
  A sky beast (D:6)
  An ice beast (D:6)
  An orc warrior (D:7)
  A hornet zombie (D:7)
  An ogre (D:5)
  A black bear (D:6)
  2 necrophages (D:7)
  A bullfrog (D:6)
  2 scorpions (D:5)
  A water moccasin zombie (D:5)
  6 killer bees
  A jelly (D:5)
  2 orc priests (D:7)
  A bullfrog skeleton (D:6)
  2 centaur skeletons
  2 hounds (D:6)
  3 iguanas
  5 orc wizards
  A killer bee zombie (D:6)
  A hound skeleton (D:5)
  3 howler monkey zombies
  7 gnolls
  8 adders
  A white imp (D:6)
  An adder skeleton (D:5)
  A worm (D:4)
  A dart slug (D:1)
  10 orcs
  7 endoplasms
  A giant cockroach (D:4)
  5 hobgoblins
  6 jackals
  4 kobolds
  5 quokkas
  8 ball pythons
  2 bats (D:3)
  7 frilled lizards
  3 goblins
  3 rats
122 creatures vanquished.

Vanquished Creatures (collateral kills)
  Grinder (D:5)
  A hound (D:5)
  A jelly (D:5)
  2 gnolls
5 creatures vanquished.

Vanquished Creatures (others)
  2 fungi
  2 plants (D:4)
4 creatures vanquished.

Grand Total: 131 creatures vanquished

Notes
Turn   | Place    | Note
-------+----------+-------------------------------------------
     0 | D:1      | grimtooth the Demonspawn Hedge Wizard began the quest for
                  | the Orb.
     0 | D:1      | Reached XP level 1. HP: 13/13 MP: 4/4
   381 | D:1      | Gained mutation: You are partially covered in sharp spines.
                  | [demonic ancestry]
   381 | D:1      | Reached XP level 2. HP: 12/19 MP: 0/6
   782 | D:1      | Found a faded altar of an unknown god.
  1073 | D:2      | Learned a level 2 spell: Call Imp
  1076 | D:2      | Learned a level 2 spell: Slow
  1244 | D:2      | Noticed Sigmund
  1247 | D:2      | - well this is quick
  1403 | D:3      | Reached XP level 3. HP: 21/24 MP: 8/8
  1449 | D:3      | Found Voter's Armour Boutique.
  2142 | D:3      | Reached XP level 4. HP: 30/30 MP: 0/9
  2466 | D:3      | Found a shadowy altar of Dithmenos.
  2723 | D:3      | Reached skill level 1 in Hexes
  2913 | D:4      | Reached XP level 5. HP: 35/35 MP: 8/11
  3319 | D:4      | Found a runed translucent gate.
  3320 | D:4      | Found a runed translucent gate.
  3321 | D:4      | Found a runed translucent gate.
  3321 | D:4      | Noticed Sharkman1231's ghost (amateur DsEE)
  3409 | D:4      | Noticed Edmund
  3584 | D:4      | Found Venuuge's Weapon Shoppe.
  3841 | D:5      | Entered Level 5 of the Dungeon
  3912 | D:5      | Noticed Grinder
  3933 | D:5      | Killed Grinder
  3934 | D:5      | Reached skill level 5 in Conjurations
  3934 | D:5      | Reached XP level 6. HP: 12/41 MP: 6/12
  4350 | D:5      | Found Osuutt's Gadget Gallery.
  4425 | D:5      | Found a hazy altar of Hepliaklqana.
  4518 | D:5      | Identified the +1 robe of Absolutism {rF+}
  4697 | D:5      | Gained mutation: You have a pair of small antennae on your
                  | head. [demonic ancestry]
  4697 | D:5      | Reached XP level 7. HP: 46/46 MP: 4/13
  4811 | D:5      | Reached skill level 1 in Translocations
  5261 | D:4      | Killed Edmund
  5578 | D:2      | Found Qatutome's Magic Scroll Boutique.
  5587 | D:2      | Bought a scroll of identify for 22 gold pieces
  5587 | D:2      | Bought a scroll of identify for 22 gold pieces
  5681 | D:1      | Learned a level 2 spell: Blink
  5754 | D:2      | Killed Sigmund
  5755 | D:2      | Reached skill level 5 in Hexes
  5755 | D:2      | Gained mutation: You are mostly covered in sharp spines.
                  | [demonic ancestry]
  5755 | D:2      | Reached XP level 8. HP: 28/52 MP: 8/14
  6025 | D:6      | Found a snail-covered altar of Cheibriados.
  6305 | D:6      | Found a stormy altar of Qazlal.
  6466 | D:6      | Reached skill level 5 in Spellcasting
  6829 | D:6      | Reached skill level 1 in Fighting
  7601 | D:7      | Found a staircase to the Ecumenical Temple.
  7655 | D:7      | Found a blossoming altar of Fedhas.
  7655 | D:7      | Found a hide-covered altar of Uskayaw.
  7729 | D:7      | Reached XP level 9. HP: 66/66 MP: 12/18
  8035 | D:7      | Reached skill level 5 in Fighting
  8039 | Temple   | Entered the Ecumenical Temple
  8129 | Temple   | Became a worshipper of Makhleb the Destroyer
  8190 | D:7      | Learned a level 3 spell: Mephitic Cloud
  8337 | D:8      | Found Seplepp's Specific Store.
  8339 | D:8      | Found Qon Ryfe's General Store.
  8471 | D:8      | Noticed Harold
  8496 | D:8      | Identified the +5 falchion of Bloody Death {antimagic,
                  | +Blink rN+ Dex-3}
  8497 | D:8      | Mangled by Harold

Illustrated notes

.. .K...# ###
....... ..#
.......####.#
............#
.@.........#
.##.........#
...........>#
.........@.##
.....#.#.##
.....+.#.#
.....###'######
.............#
.............#
'#...........#
........######
........#
........#
........#


Turn 1247 on D:2: - well this is quick

Levels and vault maps discovered:
D:1:      dpeg_arrival_short_road, layout_basic,
          shapermc_ecumenical_altar_mp_urbaneastern
D:2:      layout_basic, serial_shops, shop, hangedman_decor_clover_reticule,
          uniq_sigmund
D:3:      layout_loops_cross, nicolae_dithmenos_shadow_blocks, serial_shops,
          shop
D:4:      layout_basic, gammafunk_ghost_nasty_kobolds, serial_shops, shop,
          kennysheep_generic_room_13, uniq_edmund
D:5:      layout_basic, amcnicky_altar_gilded, nicolae_shop_gadgets,
          uniq_grinder
D:6:      layout_cave_pods, cheibriados_altar_1,
          mainiacjoe_overflow_tiny_flanked
D:7:      layout_rooms, zin_scriptorium, amethyst_overflow_temple_binary,
          minmay_temple_entry_overgrown, minmay_door_square
D:8:      layout_cave_pools, nicolae_yredelemnul_corpse_copse, bloody_trog,
          nicolae_specific_store, uniq_harold
Temple:   dshaligram_water_room_temple

Skill      XL: |  1  2  3  4  5  6  7  8  9 |
---------------+----------------------------+-----
Conjurations   | 2 3 5 6 |  6.0
Spellcasting   | 4 6 |  6.0
Hexes          | 1 2 3 5 6 |  6.0
Translocations | 3 |  3.0
Fighting       | 4 6 |  6.0
Dodging        | |  1.7
Stealth        | |  1.7
Summonings     | |  1.0
Air Magic      | |  0.7
Poison Magic   | |  0.9

Action                   |  1- 3 |  4- 6 |  7- 9 || total
-------------------------+-------+-------+-------++-------
Melee: Dagger            |    24 |    33 |    74 ||   131
       Whip              |       |    10 |    70 ||    80
       Flail             |       |       |     1 ||     1
Throw: Stone             |       |     9 |    20 ||    29
 Cast: Magic Dart        |    82 |    70 |    78 ||   230
       Call Imp          |     4 |     5 |    18 ||    27
       Slow              |       |     2 |     8 ||    10
Evoke: Wand              |       |       |     2 ||     2
  Use: Scroll            |       |       |     5 ||     5
       Potion            |       |       |     4 ||     4
 Stab: Sleeping          |       |     1 |       ||     1
       Paralysed         |       |       |    10 ||    10
Armor: Robe              |    10 |     1 |    32 ||    43
       Leather armour    |       |    10 |     5 ||    15
Dodge: Dodged            |    30 |    16 |    87 ||   133
